 Dungeon Crawl Stone Soup version 0.18.1-48-g4cf74bf (webtiles) character file.

5445 shiza927 the Protected (level 10, -1/86 HPs)
             Began as a Demonspawn Berserker on July 3, 2016.
             Was an Elder of Trog.
             Slain by a wyvern (5 damage)
             ... on level 9 of the Dungeon.
             The game lasted 00:24:15 (9366 turns).

shiza927 the Protected (Demonspawn Berserker)       Turns: 9366, Time: 00:24:16

Health: -1/86      AC: 17    Str: 26    XL:     10   Next: 41%
Magic:  0/10       EV: 14    Int:  9    God:    Trog [****..]
Gold:   412        SH:  0    Dex: 12    Spells: 0 memorised, 9 levels left

rFire  + + +     SeeInvis .     k - +5 hand axe (freeze)
rCold  + . .     Gourm    .     l - +2 chain mail
rNeg   + . .     Faith    .     (no shield)
rPois  .         Spirit   +     (no helmet)
rElec  .         Dismiss  .     g - +0 cloak of Feasting {rF++ rC+ rN+}
rCorr  .         Reflect  .     m - +2 pair of gloves
SustAt .         Harm     .     (no boots)
MR     .....                    e - amulet of guardian spirit
Stlth  ++........               (no ring)
                                (no ring)

@: mighty, exhausted, slowed, very slow, not resistant to hostile enchantments,
unstealthy
A: claws 2, repulsion field 2, fire resistance 1, nightstalker 2, robust 1
a: Berserk, Trog's Hand, Brothers in Arms, Burn Spellbooks, Renounce Religion


You were on level 9 of the Dungeon.
You worshipped Trog.
Trog was greatly pleased with you.
You were not hungry.

You visited 1 branch of the dungeon, and saw 9 of its levels.

You collected 542 gold pieces.
You spent 130 gold pieces at shops.

Inventory:

Hand Weapons
 k - a +5 hand axe of freezing (weapon)
Armour
 g - the +0 cloak of Feasting (worn) {rF++ rC+ rN+}
   (You acquired it on level 8 of the Dungeon)

   It greatly protects you from fire.
   It protects you from cold.
   It protects you from negative energy.
 l - a +2 chain mail (worn)
 m - a +2 pair of gloves (worn)
Jewellery
 e - an amulet of guardian spirit (around neck)
Wands
 c - a wand of confusion (16/48)
 j - a wand of flame (0/48)
 u - a wand of slowing (21/48)
 v - a wand of polymorph (16/24)
 A - a wand of lightning (7/15)
 D - a wand of polymorph (10/24)
Scrolls
 d - 5 scrolls of teleportation
 i - 2 scrolls of identify
 o - 2 scrolls of blinking
 t - 3 scrolls of remove curse
Potions
 a - a potion of haste
 b - a potion of degeneration
 f - a potion of lignification
 h - 2 potions of mutation {unknown}
 n - 2 potions of heal wounds
 q - a potion of flight {unknown}
 r - 3 potions of curing
 s - 2 potions of resistance
 z - a potion of magic
Comestibles
 w - 2 bread rations
 B - 15 fruits
 C - a meat ration


   Skills:
 * Level 7.0 Fighting
 * Level 6.8 Axes
 + Level 8.6 Armour
 + Level 6.3 Dodging
 + Level 5.1 Stealth


You had 9 spell levels left.
You didn't know any spells.

Dungeon Overview and Level Annotations

Branches:
Dungeon (9/15)             Temple (0/1) D:5
   Lair: D:8-11         Orc: D:9-12

Altars:
Dithmenos
Fedhas
Kikubaaqudgha
Makhleb
Nemelex Xobeh
Okawaru
Qazlal
Trog
Vehumet
Xom
Yredelemnul
Zin

Shops:
D:4 (}=   D:8 !


Innate Abilities, Weirdness & Mutations

You have very sharp fingernails.
You are surrounded by a moderate repulsion field (EV +3).
Your flesh is heat resistant.
You are significantly more attuned to the shadows.
You are robust (+10% HP).


Message History

The wyvern misses you.
Items here: )))) [[ †† Unknown command.
You feel a strong urge to attack something.
The freed slave hits the orc priest.
The orc priest dies!
The orc warrior hits you but does no damage.
The freed slave barely misses the orc warrior.
The wyvern bites you!
* * * LOW HITPOINT WARNING * * *
You are no longer berserk.
You are exhausted.
You feel yourself slow down.
The freed slave hits the orc warrior!
The orc warrior hits you from afar with a trident!
* * * LOW HITPOINT WARNING * * *
You are too injured to fight recklessly!
You are too injured to fight recklessly!
Unknown command.
The wyvern bites you.
You die...

.............#
.....<.##†#..######
#####..##.#........
....##.......###
###..##.....#.#
#.###...##..# # .##
#.# #...##..# #
...#####.# #.......#
#
P...#@##.###....#..#
#
.....l##<.........##
#
..pp..##.###.######
# ...o))##.# #.# ###
....#.[#.# #.# ##.#
...###.#.# #.# #...
.## #...# #.# ##...
##..# #.# #≈≈.. #..#
##≈≈.


You could see an orc warrior, a wyvern and 2 neutral freed slaves.

Vanquished Creatures
  Pikel (D:9)
  A troll (D:9)
  6 yaks (D:7)
  2 wargs (D:9)
  An ice beast (D:8)
  2 slaves (D:9)
  A wasp (D:9)
  2 sky beasts
  2 necrophages (D:7)
  4 ogres
  3 centaurs
  A big kobold (D:8)
  A wyvern zombie (D:9)
  6 giant frogs
  4 scorpions
  5 killer bees
  A howler monkey (D:4)
  A crimson imp (D:7)
  A giant frog zombie (D:8)
  A centaur zombie (D:6)
  2 jellies
  A centaur skeleton (D:6)
  A giant frog skeleton (D:7)
  3 orc wizards
  6 orc priests
  4 hounds
  Ijyb (D:3)
  Terence (D:2)
  2 iguanas
  3 worker ants
  2 hound skeletons
  Robin (D:3)
  13 adders
  An ooze (D:2)
  An adder skeleton (D:9)
  An adder zombie (D:8)
  A worm (D:4)
  A dart slug (D:3)
  5 giant geckos
  35 orcs
  8 bats
  11 giant cockroaches
  25 goblins
  16 hobgoblins
  14 jackals
  6 quokkas
  8 giant newts
  12 kobolds
  9 rats
240 creatures vanquished.

Vanquished Creatures (collateral kills)
  A hungry ghost (D:7)
  A black bear (D:8)
  6 ogres (D:9)
  A centaur (D:9)
  2 killer bees (D:8)
  An orc (D:9)
12 creatures vanquished.

Vanquished Creatures (others)
  An orc priest (D:9)
1 creature vanquished.

Grand Total: 253 creatures vanquished

Notes
Turn   | Place    | Note
--------------------------------------------------------------
     0 | D:1      | shiza927 the Demonspawn Berserker began the quest for the Orb.
     0 | D:1      | Reached XP level 1. HP: 18/18 MP: 1/1
   281 | D:1      | Gained mutation: You are surrounded by a mild repulsion field (EV +2). [demonic ancestry]
   281 | D:1      | Reached XP level 2. HP: 23/24 MP: 2/2
   759 | D:1      | Reached skill level 2 in Armour
  1033 | D:1      | Reached ** piety under Trog
  1262 | D:2      | Gained mutation: You are slightly more attuned to the shadows. [demonic ancestry]
  1262 | D:2      | Reached XP level 3. HP: 29/29 MP: 3/3
  1333 | D:2      | Found a blossoming altar of Fedhas.
  1768 | D:2      | Noticed Terence
  1785 | D:2      | Killed Terence
  1785 | D:2      | Gained mutation: You are significantly more attuned to the shadows. [demonic ancestry]
  1785 | D:2      | Reached XP level 4. HP: 26/35 MP: 2/4
  2025 | D:2      | Reached skill level 1 in Stealth
  2280 | D:3      | Noticed Robin
  2286 | D:3      | Killed Robin
  2287 | D:3      | Gained mutation: Your flesh is heat resistant. [demonic ancestry]
  2287 | D:3      | Reached XP level 5. HP: 41/41 MP: 1/5
  2292 | D:3      | Reached *** piety under Trog
  2788 | D:3      | Noticed Ijyb
  2825 | D:3      | Killed Ijyb
  3333 | D:3      | Reached skill level 3 in Armour
  3344 | D:3      | Gained mutation: You have sharp fingernails. [demonic ancestry]
  3344 | D:3      | Reached XP level 6. HP: 20/47 MP: 3/6
  3501 | D:3      | Found a bloodstained altar of Trog.
  3789 | D:4      | Reached **** piety under Trog
  3874 | D:4      | Found Usuergh's Jewellery Shoppe.
  3961 | D:4      | Reached skill level 4 in Armour
  4073 | D:4      | Found Waahy's Gadget Boutique.
  4100 | D:4      | Gained mutation: You are surrounded by a moderate repulsion field (EV +3). [demonic ancestry]
  4100 | D:4      | Reached XP level 7. HP: 53/53 MP: 7/7
  4410 | D:4      | Found Zal Witt's Weapon Shoppe.
  4812 | D:5      | Entered Level 5 of the Dungeon
  4971 | D:5      | Found an iron altar of Okawaru.
  5484 | D:5      | Found a staircase to the Ecumenical Temple.
  5818 | D:6      | Reached skill level 5 in Armour
  5924 | D:6      | Reached XP level 8. HP: 48/61 MP: 8/8
  6753 | D:7      | Reached skill level 5 in Dodging
  6755 | D:7      | Reached ***** piety under Trog
  6755 | D:7      | Reached skill level 6 in Armour
  6758 | D:7      | Reached skill level 5 in Fighting
  6759 | D:7      | Gained mutation: You have very sharp fingernails. [demonic ancestry]
  6759 | D:7      | Reached XP level 9. HP: 48/68 MP: 3/9
  6763 | D:7      | Reached skill level 5 in Axes
  6763 | D:7      | Reached skill level 7 in Armour
  6979 | D:7      | Found a burning altar of Makhleb.
  6980 | D:7      | Found a radiant altar of Vehumet.
  7717 | D:7      | Found a sparkling altar of Nemelex Xobeh.
  7720 | D:7      | Found a glowing silver altar of Zin.
  7720 | D:7      | Found a stormy altar of Qazlal.
  8276 | D:8      | Reached skill level 8 in Armour
  8341 | D:8      | Identified a scroll of acquirement
  8344 | D:8      | Got a transparent cloak
  8345 | D:8      | Identified the +0 cloak of Feasting {rF++ rC+ rN+} (You acquired it on level 8 of the Dungeon)
  8360 | D:8      | Found a shadowy altar of Dithmenos.
  8427 | D:8      | Found a basalt altar of Yredelemnul.
  8452 | D:8      | Reached skill level 5 in Stealth
  8622 | D:8      | Found Pecyrukk's Distillery.
  8646 | D:8      | Bought a potion of curing for 30 gold pieces
  8646 | D:8      | Bought a potion of heal wounds for 50 gold pieces
  8646 | D:8      | Bought a potion of heal wounds for 50 gold pieces
  8656 | D:8      | Found an iron altar of Okawaru.
  8657 | D:8      | Found an ancient bone altar of Kikubaaqudgha.
  8774 | D:8      | Found a blossoming altar of Fedhas.
  8912 | D:9      | Gained mutation: You are robust (+10% HP). [demonic ancestry]
  8912 | D:9      | Reached XP level 10. HP: 69/83 MP: 10/10
  8953 | D:9      | Received a gift from Trog
  9211 | D:9      | Found a shimmering altar of Xom.
  9341 | D:9      | Noticed Pikel
  9357 | D:9      | Killed Pikel
  9365 | D:9      | HP: 4/86 [orc warrior/trident (9)]
  9366 | D:9      | Slain by a wyvern

Skill      XL: |  1  2  3  4  5  6  7  8  9 10 |
---------------+-------------------------------+-----
Dodging        | 2 3 4 5 6 |  6.3
Axes           | 3 4 5 6 |  6.8
Armour         | 2 3 4 5 6 8 |  8.6
Stealth        | 1 2 3 4 5 |  5.1
Fighting       | 4 5 6 7 |  7.0

Action                   |  1- 3 |  4- 6 |  7- 9 | 10-12 || total
-------------------------+-------+-------+-------+-------++-------
Melee: Hand axe          |   139 |   226 |   346 |    80 ||   791
Invok: Berserk           |     1 |     2 |     2 |     3 ||     8
       Trog's Hand       |       |     2 |     2 |     1 ||     5
       Brothers in Arms  |       |       |     3 |     2 ||     5
  Use: Potion            |     7 |     6 |     2 |     1 ||    16
       Scroll            |     2 |     6 |     9 |       ||    17
 Stab: Distracted        |     1 |       |       |       ||     1
       Sleeping          |     4 |       |     3 |       ||     7
  Eat: Bread ration      |     1 |     3 |     2 |     1 ||     7
       Meat ration       |       |       |     2 |       ||     2
       Pizza             |       |       |     2 |     1 ||     3
       Royal jelly       |       |       |     1 |       ||     1
Armor: Animal skin       |    23 |       |       |       ||    23
       Chain mail        |       |   120 |   190 |    36 ||   346
Dodge: Dodged            |   109 |   129 |   234 |    74 ||   546
